 Dungeon Crawl Stone Soup version 0.29-a0-321-gf1c400731a (webtiles) character file.

Game seed: 7989813505531519639

1579 Ajdolov the Summoner (level 8, -5/34 HPs)
             Began as a Felid Summoner on Apr 3, 2022.
             Was a Believer of Hepliaklqana.
             Succumbed to a kobold brigand's curare-tipped dart
             ... on level 8 of the Dungeon.
             The game lasted 00:33:20 (8523 turns).

Ajdolov the Summoner (Felid Summoner)               Turns: 8523, Time: 00:33:20

Health: -5/34      AC:  2    Str:  4    XL:     8   Next: 60%
Magic:  19/21      EV: 17    Int: 18    God:    Hepliaklqana [**....]
Gold:   482        SH:  0    Dex: 17    Spells: 1/11 levels left
                                        Lives:  0   Deaths: 2

rFire   . . .      SeeInvis +   (weapon unavailable)
rCold   . . .      Faith    .   (shield unavailable)
rNeg    . . .      Spirit   .   (body armour unavailable)
rPois   .          Reflect  .   (helmet unavailable)
rElec   .          Harm     .   (cloak unavailable)
rCorr   .          Rampage  .   (gloves unavailable)
Will    +....                   (boots unavailable)
Stlth   ++........              i - amulet of magic regeneration
HPRegen 0.11/turn               p - ring of magical power
MPRegen 0.57/turn               (no ring)

@: lethally poisoned (-5 -> -32), slowed, invisible, slow
A: reduced essence, very small, claws 1, fangs 3, see invisible, speed 1, shaggy
fur 2, stealthy paws, no weapons or thrown items, no armour, multi-lived
a: Renounce Religion, Recall Ancestor, Ancestor Identity


You were on level 8 of the Dungeon.
You worshipped Hepliaklqana.
Hepliaklqana was pleased with you.
You visited 2 branches of the dungeon, and saw 9 of its levels.

You collected 482 gold pieces.

Inventory:

Jewellery
 i - an amulet of magic regeneration (around neck)
 p - a ring of magical power (left paw)
 t - an amulet of the acrobat
Wands
 u - a wand of flame (17)
Scrolls
 d - a scroll of fog
 g - 10 scrolls of teleportation
 j - a scroll of immolation
 l - a scroll of torment {unknown}
 o - 2 scrolls of noise
 w - a scroll of identify
Potions
 a - a potion of magic
 b - a potion of attraction
 c - a potion of curing {unknown}
 e - a potion of degeneration {unknown}
 f - a potion of haste {unknown}
 h - a potion of might {unknown}
 k - a potion of invisibility
 m - a potion of cancellation {unknown}
 n - a potion of lignification {unknown}
 q - 2 potions of resistance {unknown}
 r - a potion of brilliance {unknown}
 s - a potion of heal wounds {unknown}
 v - a potion of mutation {unknown}


   Skills:
 + Level 6.0 Fighting
 - Level 2.6 Dodging
 - Level 2.6 Stealth
 - Level 2.0 Spellcasting
 + Level 8.4 Summonings
 * Level 7.9 Air Magic


You had one spell level left.
You knew the following spells:

 Your Spells              Type           Power      Damage    Failure   Level
a - Summon Small Mammal   Summ           100%       N/A       1%          1
b - Call Imp              Summ           32%        N/A       1%          2
c - Call Canine Familiar  Summ           32%        N/A       1%          3
d - Summon Lightning Spi  Summ/Air       31%        N/A       6%          4

Your spell library contained the following spells:

 Spells                   Type           Power      Damage    Failure   Level
 Summon Guardian Golem    Hex/Summ       17%        N/A       10%         3
 Stone Arrow              Conj/Erth      2%         3d7       47%         3
 Tukima's Dance           Hex            1%         N/A       47%         3
 Anguish                  Hex/Necr       0%         N/A       87%         4
 Enfeeble                 Hex            0%         N/A       100%        7
 Lehudib's Crystal Spear  Conj/Erth      0%         10d2      100%        8
 Animate Armour           Summ/Erth      Unusable   N/A       N/A         4

Dungeon Overview and Level Annotations

Branches:
Dungeon (8/15)             Temple (1/1) D:4
   Lair: D:8-11

Altars:
Ashenzari
Dithmenos
Elyvilon
Fedhas
Gozag
Hepliaklqana
Kikubaaqudgha
Makhleb
Nemelex Xobeh
Ru
Sif Muna
Trog
Uskayaw
Vehumet
Xom
Yredelemnul
Zin
The Shining One

Shops:
D:1 !   D:5 (

Annotations:
D:7 Joseph


Innate Abilities, Weirdness & Mutations

Your life essence is reduced to manifest your ancestor. (-10% HP)
You have sharp claws.
You have razor-sharp teeth.
You have supernaturally acute eyesight. (SInv)
You cover ground quickly. (Speed+)
You are covered in thick fur. (AC +2)
Your paws help you pounce on unaware monsters.
You are incapable of wielding weapons or throwing items.
You cannot wear armour.
You gain extra lives every three experience levels.


Message History

g - Guard the area. f - Follow me.
Anything else - Cancel.
Gang up on whom?
Press: ? - help, Dir - move target, f - centaur
Aim: a centaur, wielding a +0 shortbow (ally target) Attack!
The centaur shoots an arrow.
The arrow hits your hound!
The kobold barely misses Zimri-Dagan.
The centaur shoots an arrow.
The arrow hits your hound!
Your hound dies!
Your hound's corpse disappears in a puff of smoke!
A kobold comes into view. It is wielding a +0 short sword.
The centaur shoots an arrow.
The arrow hits your crimson imp.
The kobold throws a poisoned dart.
The poisoned dart barely misses Zimri-Dagan.
The poisoned dart barely misses you.
The centaur shoots an arrow.
The arrow hits your crimson imp.
Your crimson imp hits the centaur.
The kobold brigand throws a curare-tipped dart.
The curare-tipped dart hits you.
You are poisoned.
You have difficulty breathing.
You feel yourself slow down.
The kobold unwields a +0 hand crossbow.
The kobold wields a +0 dagger.
The kobold hits your crimson imp with a +0 dagger.
You feel very sick.
The centaur shoots an arrow.
The arrow hits your crimson imp.
Your crimson imp barely misses the kobold.
The centaur shoots an arrow.
The arrow misses your crimson imp. The arrow hits you!
* * * LOW HITPOINT WARNING * * *
A kobold comes into view.
It is wielding a +0 short sword and quivering poisoned darts.
The kobold brigand throws a curare-tipped dart.
The curare-tipped dart hits you.
You are more poisoned.
You have difficulty breathing.
* * * LOW HITPOINT WARNING * * *
You feel as though you will be slow longer.
The kobold hits your crimson imp but does no damage.
It was a potion of invisibility.
You fade into invisibility!
You die...

#.......
#K###.#.#..#
#K..K...#..# #
#.###..#### #c
##K#........
####.##..........
#....c5R...#..####
## .##KKK...........
.......##.##@###....
.##.### #.##.# .###
.# #.##.###.##
####.##.# #.##.##...
y..yV...# #.##.##..#
####.#### #.##)##..#
..# .# #.##)##..#
#.# .# #.#......#
#.# y#
######.#R)##.####.#


You could see the friendly Zimri-Dagan the knight, a kobold brigand (can't see
you), a centaur (can't see you, ally target), 4 kobolds and a friendly crimson
imp (summoned).

Vanquished Creatures
  An adder (D:6)
  A ball python (D:3)
  A giant cockroach (D:1)
  A hobgoblin (D:1)
  2 bats (D:1)
  A frilled lizard (D:1)
  2 kobolds
  3 rats (D:3)
12 creatures vanquished.

Vanquished Creatures (collateral kills)
  A wyvern (D:7)
  A vampire (D:8)
  Edmund (D:6)
  Menkaure (D:7)
  A black bear (D:7)
  An orc warrior (D:6)
  2 sky beasts (D:7)
  An ogre (D:5)
  A centaur (D:8)
  4 bullfrogs
  A gnoll sergeant (D:7)
  2 scorpions
  15 killer bees (D:8)
  A howler monkey (D:6)
  2 hounds
  A jelly (D:5)
  Crazy Yiuf (D:7)
  3 orc priests
  4 iguanas
  3 orc wizards
  6 adders
  5 gnolls
  An ufetubus (D:5)
  A dart slug (D:4)
  10 orcs
  4 endoplasms
  6 giant cockroaches
  5 goblins
  6 hobgoblins
  5 jackals
  A quokka (D:3)
  A ball python (D:1)
  3 bats
  A frilled lizard (D:2)
  9 kobolds
  18 rats
129 creatures vanquished.

Vanquished Creatures (others)
  2 ancestors (D:6)
  5 knights
7 creatures vanquished.

Grand Total: 148 creatures vanquished

Notes
Turn   | Place    | Note
-------+----------+-------------------------------------------
     0 | D:1      | Ajdolov the Felid Summoner began the quest for the Orb.
     0 | D:1      | Reached XP level 1. HP: 7/7 MP: 4/4
   608 | D:1      | Found Pem Idd's Distillery.
   694 | D:1      | Reached XP level 2. HP: 11/11 MP: 3/6
   697 | D:1      | Learned a level 2 spell: Call Imp
   838 | D:1      | Found a faded altar of an unknown god.
  1280 | D:2      | Identified the +0 mace "Beetlebane" {vorpal, Fly Will-
                  | Str+9 Stlth+}
  1420 | D:2      | Reached skill level 5 in Summonings
  1666 | D:3      | Reached XP level 3. HP: 14/14 MP: 7/7
  1670 | D:3      | Learned a level 3 spell: Call Canine Familiar
  1781 | D:3      | Found a broken altar of Ashenzari.
  2507 | D:3      | Reached XP level 4. HP: 18/18 MP: 1/8
  2870 | D:3      | Found a shadowy altar of Dithmenos.
  3198 | D:4      | Noticed a scorpion
  3217 | D:4      | Killed a scorpion
  3218 | D:4      | Reached skill level 6 in Summonings
  3218 | D:4      | Reached XP level 5. HP: 21/21 MP: 9/9
  3451 | D:4      | Found a staircase to the Ecumenical Temple.
  3456 | Temple   | Entered the Ecumenical Temple
  3516 | Temple   | Became a worshipper of Hepliaklqana the Forgotten
  3620 | D:4      | Found a sparkling altar of Nemelex Xobeh.
  4033 | D:5      | Entered Level 5 of the Dungeon
  4034 | D:5      | Found Vumy's Antique Weapon Shop.
  4125 | D:5      | Reached skill level 7 in Summonings
  4168 | D:5      | Reached skill level 1 in Air Magic
  4202 | D:5      | Noticed an ogre
  4213 | D:5      | Killed an ogre
  4214 | D:5      | Reached skill level 1 in Fighting
  4214 | D:5      | Gained mutation: You are covered in thick fur. (AC +2)
                  | [Felid growth]
  4214 | D:5      | Reached XP level 6. HP: 25/25 MP: 10/10
  4309 | D:5      | Noticed a wyvern
  4784 | D:6      | Reached XP level 7. HP: 30/30 MP: 11/11
  4789 | D:6      | Learned a level 4 spell: Summon Lightning Spire
  4834 | D:6      | Reached * piety under Hepliaklqana
  5058 | D:6      | Noticed Edmund
  5145 | D:6      | Killed Edmund
  5497 | D:6      | Reached skill level 5 in Air Magic
  5598 | D:6      | Reached ** piety under Hepliaklqana
  5599 | D:6      | Remembered your ancestor Zimri-Dagan as a knight
  5722 | D:7      | Reached XP level 8. HP: 32/32 MP: 12/12
  5723 | D:7      | Noticed Joseph
  5732 | D:7      | Shot with a sling bullet by Joseph
  5733 | D:7      | Reached XP level 7. HP: -8/28 MP: 19/20
  5733 | D:7      | Noticed a wyvern
  5740 | D:7      | Killed a wyvern
  6102 | D:7      | Noticed Menkaure
  6445 | D:7      | Killed Menkaure
  6446 | D:7      | Reached XP level 8. HP: 17/32 MP: 12/12
  6625 | D:7      | Reached skill level 5 in Fighting
  6704 | D:7      | Found a runed translucent door.
  6705 | D:7      | Noticed Crazy Yiuf
  6721 | D:7      | Killed Crazy Yiuf
  7126 | D:8      | Succumbed to a killer bee's poison
  7127 | D:8      | Reached XP level 7. HP: 0/29 MP: 20/20
  7127 | D:8      | Found a radiant altar of Vehumet.
  7411 | D:8      | Found an ancient bone altar of Kikubaaqudgha.
  7522 | D:8      | Reached skill level 8 in Summonings
  7579 | D:8      | Noticed a vampire
  7649 | D:8      | Reached XP level 8. HP: 7/33 MP: 12/12
  8523 | D:8      | Succumbed to a kobold brigand's curare-tipped dart

Illustrated notes

Levels and vault maps discovered:
D:1:      dpeg_arrival_round_c, layout_loops_ring, serial_shops,
          nicolae_shop_stone, shapermc_ecumenical_altar_ellora, serial_glass,
          glass_columns_a, glass_columns_a
D:2:      layout_rooms
D:3:      layout_loops_corners, mainiacjoe_overflow_cross_hatched,
          nicolae_ashenzari_skybound, minmay_rat_hole
D:4:      layout_loops_ring, nemelex_diamond_rough_becter,
          minmay_temple_entry_statues_pillars
D:5:      layout_loops_ring, chei_slow_surprise, serial_shops,
          nicolae_shop_statue_plus, shop, kennysheep_mini
D:6:      layout_gridville, uniq_edmund
D:7:      layout_rooms, uniq_joseph, uniq_crazy_yiuf_cottage, uniq_menkaure
D:8:      layout_loops_ring, mainiacjoe_overflow_surrounded_room,
          nicolae_kikubaaqudgha_miasma_corner
Temple:   cyrus_circular_temple

Skill      XL: |  1  2  3  4  5  6  7  8 |
---------------+-------------------------+-----
Summonings     | 5 6 7 8 |  8.4
Air Magic      | 2 3 7 |  7.9
Fighting       | 1 2 4 6 |  6.0
Dodging        | |  2.6
Stealth        | |  2.6
Spellcasting   | |  2.0

Action                   |  1- 3 |  4- 6 |  7- 9 || total
-------------------------+-------+-------+-------++-------
Melee: Unarmed           |    44 |     2 |    16 ||    62
       Bite              |     3 |       |     2 ||     5
       Punch             |     1 |       |       ||     1
 Cast: Summon Small Mamm |    33 |     5 |     4 ||    42
       Call Imp          |    21 |    22 |    24 ||    67
       Call Canine Famil |       |    16 |    37 ||    53
       Summon Lightning  |       |       |     4 ||     4
Invok: Recall Ancestor   |       |       |     8 ||     8
       Ancestor Life: Kn |       |       |     1 ||     1
  Use: Scroll            |       |     5 |     1 ||     6
       Potion            |       |       |     2 ||     2
 Stab: Sleeping          |     6 |       |       ||     6
Armor: Skin              |     2 |       |     3 ||     5
Dodge: Dodged            |    53 |    19 |    67 ||   139

Table legend: (Time is in decaauts)
 A = Elapsed time spent in this place.
 B = Non-inter-level travel time spent in this place.
 C = Inter-level travel time spent in this place.
 D = Time resting spent in this place.
 E = Time spent auto-exploring this place.
 F = Levels seen in this place.
 G = Mean time per level.
                   A        B        C        D        E       F      G
               +--------+--------+--------+--------+--------+-----+--------+
         Total |   7522 |   7265 |    257 |   1604 |   3267 |   9 |  835.8 |
       Dungeon |   7464 |   7215 |    249 |   1604 |   3239 |   8 |  933.0 |
        Temple |     58 |     50 |      8 |      0 |     28 |   1 |   58.0 |
               +--------+--------+--------+--------+--------+-----+--------+

Top non-repeatable levels by time:
     D:8: 1402 daAuts
     D:3: 1334 daAuts
     D:6: 1076 daAuts
     D:7: 906 daAuts
     D:1: 901 daAuts
     D:4: 863 daAuts
     D:2: 542 daAuts
     D:5: 436 daAuts
  Temple: 58 daAuts
